AoeStats
← Navix de los Bosques de Lituania

Arabia

509611363Analyzed
3v3 RM · 4d ago on Sep 27, 2026· 32m 48s· 6 players
Game mode
Random Map
Map size
Normal (6 player)
Population
200
Speed
Normal
Resources
Standard
Victory
Conquest
Starting age
Dark Age
Ending age
Imperial Age
RankedLock teamsTeams togetherTeam positionsShared explorationLock speedFull tech treeHidden civsTurbo modeCheats
Victory
Defeat
🇨🇴 Persians · Colombia
742
+13
🇦🇺 Danes · Australia
742
+13
726
+14
🇨🇱 Magyars · Chile
779
-17
🇨🇱 Bulgarians · Chile
715
-15
🇨🇱 Turks · Chile
528
-8
Kiddtobvl
13:29 Feudal Age
14:44 Man-at-Arms
28:18 Forging
28:16 Scale Barding Armor
ssa:d
12:05 Feudal Age
AFGA8
11:42 Feudal Age
14:20 Double-Bit Axe
15:55 Horse Collar
19:25 Forging
19:51 Scale Mail Armor
29:00 Castle Age
31:15 Wheelbarrow
30:52 Heavy Plow
31:54 Scale Barding Armor
31:37 Gambesons
32:37 Gold Mining
32:39 Stone Mining
33:25 Chain Mail Armor
Navix de los Bosques de Lituania
4:08 Loom
11:41 Feudal Age
12:12 Double-Bit Axe
13:46 Wheelbarrow
13:09 Gold Mining
16:51 Horse Collar
21:26 Castle Age
22:29 Hand Cart
23:14 Forging
23:05 Padded Archer Armor
22:56 Fletching
22:39 Crossbowman
24:09 Elite Skirmisher
24:56 Thumb Ring
25:25 Scale Mail Armor
28:02 Bodkin Arrow
29:11 Heavy Plow
32:40 Leather Archer Armor
32:41 Chain Mail Armor
33:01 Iron Casting
33:30 Coinage
Derzer
9:24 Feudal Age
13:56 Loom
13:43 Man-at-Arms
14:58 Double-Bit Axe
16:57 Arson
18:58 Scale Mail Armor
21:30 Horse Collar
25:22 Castle Age
26:22 Caravan
27:17 Husbandry
26:46 Light Cavalry
27:40 Bloodlines
32:49 Wheelbarrow
32:29 Scale Barding Armor
THENEYK
10:43 Feudal Age
11:11 Man-at-Arms
12:20 Arson
17:33 Forging
18:11 Horse Collar
19:43 Wheelbarrow
24:12 Castle Age
22:42 Scale Mail Armor
23:53 Gold Mining
23:57 Stone Mining
27:57 Town Watch
Connection lost

Rejoining the realm…

Still unreachable

The connection could not be restored.

Session expired

The server has moved on; the page needs a fresh start.